 Dungeon Crawl Stone Soup version 0.19-a0-872-g3103843 (webtiles) character file.

61 GlaceonGamingDJ the Ducker (level 3, 0/27 HPs)
             Began as a Demonspawn Gladiator on July 3, 2016.
             Was an Initiate of Fedhas.
             Succumbed to an adder's poison
             ... on level 2 of the Dungeon.
             The game lasted 00:12:11 (1303 turns).

GlaceonGamingDJ the Ducker (Demonspawn Gladiator)   Turns: 1303, Time: 00:12:11

Health: 0/27       AC: 14    Str: 15    XL:     3   Next: 83%
Magic:  3/3        EV: 10    Int: 10    God:    Fedhas [......]
Gold:   50         SH:  0    Dex: 11    Spells: 0 memorised, 2 levels left

rFire  . . .     SeeInvis .     a - +0 long sword
rCold  . . .     Gourm    .     j - +0 scale mail (curse)
rNeg   . . .     Faith    .     (no shield)
rPois  .         Spirit   .     c - +0 helmet
rElec  .         Dismiss  .     (no cloak)
rCorr  .         Reflect  .     (no gloves)
SustAt .         Harm     .     (no boots)
MR     .....                    (no amulet)
Stlth  ..........               (no ring)
                                (no ring)

@: lethally poisoned (0 -> -5), not resistant to hostile enchantments, extremely
unstealthy
A: rough black scales 2
a: Renounce Religion


You were on level 2 of the Dungeon.
You worshipped Fedhas.
Fedhas was noncommittal.
You were near starving.

You visited 1 branch of the dungeon, and saw 2 of its levels.

You collected 50 gold pieces.

Inventory:

Hand Weapons
 a - a +0 long sword (weapon)
Missiles
 d - 5 throwing nets (quivered)
Armour
 b - a +0 leather armour
 c - a +0 helmet (worn)
 j - a cursed +0 scale mail (worn)
Jewellery
 e - a cursed ring of loudness {unknown}
Scrolls
 i - a scroll of identify {unknown}
Potions
 l - a potion of lignification
Comestibles
 f - a bread ration
 g - a meat ration
 k - a beef jerky


   Skills:
 + Level 2.2 Fighting
 + Level 3.1 Long Blades
 + Level 2.0 Throwing
 + Level 1.4 Armour
 + Level 3.3 Dodging


You had 2 spell levels left.
You didn't know any spells.

Dungeon Overview and Level Annotations

Branches:
Dungeon (2/15)

Altars:
Fedhas


Innate Abilities, Weirdness & Mutations

You are mostly covered in rough black scales. (AC +7, Dex -2)


Message History

You feel sick. The adder misses you.
You hit the adder.
The adder is moderately wounded.
The adder bites you.
* * * LOW HITPOINT WARNING * * *
You are more poisoned.
The adder poisons you! The adder bites you but does no damage.
You closely miss the adder.
The adder is moderately wounded.
* * * LOW HITPOINT WARNING * * *
You feel sick. The adder closely misses you. The adder barely misses you.
You closely miss the adder.
The adder is moderately wounded.
* * * LOW HITPOINT WARNING * * *
You feel sick. The adder barely misses you.
You riposte.
You slash the adder!
You kill the adder!
* * * LOW HITPOINT WARNING * * *
You feel sick.
You die...
Fedhas appreciates your contribution to the ecosystem.

## ###### ### .# ### #....# ##[.
.###.# #....# ##... .##..##
#....# #.... .##...# ### #....#
#.... .##.#.###.# #....##
########.... .#..#..##.##
#.....###.....##.... .#.###.##..#
#..@..##..###....(..
.#.#....#..###.........(((.....♣♣
.......[............÷..####.♣♣♣♣P
.#.##.#..#..........)÷## #.♣♣ P
##.##.....>...........####.♣ ..
#..####..#...............#.♣ ..##
#..................#.♣ .####
#.###................♣
....##.....................#


There were no monsters in sight!

Vanquished Creatures
  3 adders (D:2)
  3 dart slugs
  A giant gecko (D:2)
  4 bats
  3 giant cockroaches
  2 hobgoblins
  A quokka (D:2)
  A ball python (D:1)
  5 giant newts
  A goblin (D:2)
  5 kobolds
  4 rats
33 creatures vanquished.

Vanquished Creatures (others)
  2 ghouls (D:1)
  2 draconians (D:1)
  A gargoyle (D:1)
  A vine stalker (D:1)
  A troll (D:1)
  A vampire (D:1)
  A naga (D:1)
  2 dwarves (D:1)
  An orc (D:1)
  5 tentacles (D:1)
  32 tentacle segments (D:1)
  2 toadstools (D:2)
51 creatures vanquished.

Grand Total: 84 creatures vanquished

Notes
Turn   | Place    | Note
-------+----------+-------------------------------------------
     0 | D:1      | GlaceonGamingDJ the Demonspawn Gladiator began the quest for the Orb.
     0 | D:1      | Reached XP level 1. HP: 16/16 MP: 1/1
     0 | D:1      | Noticed a troll
     0 | D:1      | Noticed a gargoyle
     0 | D:1      | Noticed a draconian
     0 | D:1      | Noticed a naga
     0 | D:1      | Noticed a draconian
     0 | D:1      | Noticed a kraken
     0 | D:1      | Noticed a vampire
     0 | D:1      | Noticed a dwarf
     0 | D:1      | Noticed a ghoul
     0 | D:1      | Noticed a ghoul
     0 | D:1      | Noticed a vine stalker
     0 | D:1      | Noticed a dwarf
     5 | D:1      | Killed a vine stalker
     7 | D:1      | Killed a vampire
     8 | D:1      | Killed a ghoul
     9 | D:1      | Killed a gargoyle
    10 | D:1      | Killed a dwarf
    10 | D:1      | Killed a dwarf
    13 | D:1      | Killed a naga
    14 | D:1      | Killed a draconian
    14 | D:1      | Killed a troll
    16 | D:1      | Killed a ghoul
    18 | D:1      | Killed a draconian
   180 | D:1      | Gained mutation: You are partially covered in rough black scales. (AC +4, Dex -1) [demonic ancestry]
   180 | D:1      | Reached XP level 2. HP: 20/22 MP: 2/2
   198 | D:1      | Upgraded the game from 0.19-a0-860-g5c370dd to 0.19-a0-872-g3103843
   980 | D:2      | Found a blossoming altar of Fedhas.
  1010 | D:2      | Became a worshipper of Fedhas Madash
  1165 | D:2      | Reached skill level 1 in Armour
  1165 | D:2      | Gained mutation: You are mostly covered in rough black scales. (AC +7, Dex -2) [demonic ancestry]
  1165 | D:2      | Reached XP level 3. HP: 11/27 MP: 3/3
  1300 | D:2      | HP: 1/27 [poisoned by an adder]
  1303 | D:2      | Succumbed to an adder's poison

Vault maps used:
D:1:      nicolae_arrival_kraken_aquarium_a
D:2:      serial_forest, infiniplex_forest_clump_C,
          infiniplex_forest_end_double, infiniplex_forest_end_3,
          infiniplex_forest_straight_5, infiniplex_forest_lined_room_2,
          infiniplex_forest_clump_long, fedhas_altar_2

Skill      XL: |  1  2 |
---------------+-------+-----
Throwing       | 2 |  2.0
Dodging        | 3 |  3.3
Long Blades    | 3 |  3.1
Armour         | 1 |  1.4
Fighting       | |  2.2

Action                   || total
-------------------------++-------
Melee: Long sword        ||   179
  Use: Potion            ||     7
Armor: Leather armour    ||    19
       Scale mail        ||    71
Dodge: Dodged            ||   121
